 Dungeon Crawl Stone Soup version 0.28-b1-25-g9875b3fc8c (webtiles) character file.

Game seed: 18091076104879574061

165 cayde69 the Archer (level 5, -17/43 HPs)
             Began as a Gnoll Hunter on Feb 1, 2022.
             Was an Initiate of Hepliaklqana.
             Demolished by an ogre (24 damage)
             ... on level 6 of the Dungeon on Feb 2, 2022.
             The game lasted 00:07:39 (2814 turns).

cayde69 the Archer (Gnoll Hunter)                   Turns: 2814, Time: 00:07:40

Health: -17/43     AC:  6    Str: 13    XL:     5   Next: 46%
Magic:  7/7        EV: 13    Int: 10    God:    Hepliaklqana [......]
Gold:   190        SH:  0    Dex: 13    Spells: 7/7 levels left

rFire   . . .      SeeInvis .   n - +0 dagger (speed)
rCold   . . .      Faith    .   (no shield)
rNeg    . . .      Spirit   .   p - +2 leather armour {Will+}
rPois   .          Reflect  .   (no helmet)
rElec   .          Harm     .   i - +0 cloak
rCorr   .          Rampage  .   (no gloves)
Will    +....                   (no boots)
Stlth   ++........              (no amulet)
HPRegen 0.14/turn               (no ring)
MPRegen 0.10/turn               (no ring)

@: no status effects
A: fangs 1, strong nose, distributed training
a: Renounce Religion


You were on level 6 of the Dungeon.
You worshipped Hepliaklqana.
Hepliaklqana was noncommittal.
You visited 1 branch of the dungeon, and saw 7 of its levels.

You collected 190 gold pieces.

Inventory:

Hand Weapons
 a - a +1 shortbow
 b - a +0 short sword
 n - a +0 dagger of speed (weapon)
Missiles
 d - 7 arrows
Armour
 c - a +0 leather armour
 i - a +0 cloak (worn)
 p - a +2 leather armour of willpower (worn)
Scrolls
 e - a scroll of enchant weapon {unknown}
 f - a scroll of noise {unknown}
 g - a scroll of identify {unknown}
 j - a scroll of vulnerability {unknown}
 k - a scroll of enchant armour {unknown}
 m - a scroll of blinking {unknown}
Potions
 h - 2 potions of lignification {unknown}
 l - a potion of resistance {unknown}
 o - a potion of experience {unknown}
 q - a potion of might {unknown}


   Skills:
 + Level 4.8 Fighting
 + Level 1.5 Short Blades
 + Level 1.5 Long Blades
 + Level 1.5 Axes
 + Level 1.5 Maces & Flails
 + Level 1.5 Polearms
 + Level 1.5 Staves
 + Level 1.5 Slings
 + Level 8.6 Bows
 + Level 1.5 Crossbows
 + Level 1.5 Throwing
 + Level 1.5 Armour
 + Level 4.8 Dodging
 + Level 2.8 Stealth
 + Level 1.5 Shields
 + Level 1.5 Unarmed Combat
 + Level 1.5 Spellcasting
 + Level 1.2 Conjurations
 + Level 1.2 Hexes
 + Level 1.2 Summonings
 + Level 1.2 Necromancy
 + Level 1.2 Translocations
 + Level 1.2 Transmutations
 + Level 1.2 Fire Magic
 + Level 1.2 Ice Magic
 + Level 1.2 Air Magic
 + Level 1.2 Earth Magic
 + Level 1.2 Poison Magic
 + Level 1.7 Invocations
 + Level 1.5 Evocations


You had 7 spell levels left.
You didn't know any spells.
Your spell library contained the following spells:

 Spells                   Type           Power      Damage    Failure   Level
 Corpse Rot               Necr/Air       6%         N/A       36%         2
 Ensorcelled Hibernation  Hex/Ice        6%         N/A       36%         2
 Passwall                 Tmut/Erth      2%         N/A       36%         2
 Poisonous Vapours        Pois/Air       6%         N/A       36%         2
 Summon Guardian Golem    Hex/Summ       3%         N/A       58%         3
 Swiftness                Air            3%         N/A       58%         3
 Blade Hands              Tmut           1%         N/A       100%        5
 Irradiate                Conj/Tmut      1%         3d13      100%        5
 Dragon Form              Tmut           1%         N/A       100%        7
 Orb of Destruction       Conj           1%         9d5       100%        7
 Spellforged Servitor     Conj/Summ      1%         N/A       100%        7


Dungeon Overview and Level Annotations

Branches:
Dungeon (7/15)
 Temple: D:4-7

Altars:
Cheibriados
Hepliaklqana
Zin


Innate Abilities, Weirdness & Mutations

You have very sharp teeth.
Your uncanny sense of smell can sniff out nearby items.
Your experience applies equally to all skills.


Message History

You see here a scroll labelled ULIBBE WUASCH.
There is a stone staircase leading up here.
You can't go down here!
You climb upwards.
The hound barks!
The ogre shouts!
Found 19 gold pieces, a bone ring and 24 stones.
There is a stone staircase leading down here.
There is a stone staircase leading down here.
You can't go up here!
The ogre closely misses you.
You climb downwards.
There is a stone staircase leading up here.
You hit the ogre.
The ogre is lightly wounded.
You hit the ogre but do no damage.
The ogre is lightly wounded.
The ogre hits you with a +0 giant club!!
You hit the ogre but do no damage.
The ogre is lightly wounded.
You barely miss the ogre. Your bite misses the ogre.
The ogre is lightly wounded.
The ogre barely misses you.
You hit the ogre but do no damage. Your punch misses the ogre.
The ogre is lightly wounded.
You hit the ogre.
The ogre is lightly wounded.
The ogre hits you with a +0 giant club!
You are too injured to fight recklessly!
You are too injured to fight recklessly!
You are too injured to fight recklessly!
You are too injured to fight recklessly!
You hit the ogre. Your bite misses the ogre.
The ogre is moderately wounded.
You hit the ogre but do no damage.
The ogre is moderately wounded.
The iguana bites you!
* * * LOW HITPOINT WARNING * * *
The ogre hits you with a +0 giant club!!
Ouch! That really hurt!
You die...

.#.. .. #.. ...
### #.# ....
#.###.# #....
#>...:## ####.....
#####..###[.......
#.....?.......
#..#..O...#....
##....l@.......
##############


You could see an ogre and an iguana.

Vanquished Creatures
  A centaur zombie (D:7)
  An orc priest (D:3)
  An adder (D:2)
  A howler monkey skeleton (D:3)
  3 worms
  3 dart slugs
  8 orcs (D:3)
  2 endoplasms (D:2)
  2 giant cockroaches
  4 goblins
  3 hobgoblins
  8 jackals
  4 quokkas
  3 ball pythons
  3 bats
  3 frilled lizards
  7 kobolds
  5 rats
62 creatures vanquished.

Notes
Turn   | Place    | Note
-------+----------+-------------------------------------------
     0 | D:1      | cayde69 the Gnoll Hunter began the quest for the Orb.
     0 | D:1      | Reached XP level 1. HP: 20/20 MP: 1/1
   114 | D:1      | Reached XP level 2. HP: 26/26 MP: 2/2
   632 | D:2      | Reached XP level 3. HP: 31/31 MP: 3/3
   725 | D:2      | Found a faded altar of an unknown god.
   832 | D:2      | Reached skill level 1 in Invocations
  1068 | D:2      | Reached skill level 1 in Short Blades
  1068 | D:2      | Reached skill level 1 in Long Blades
  1068 | D:2      | Reached skill level 1 in Axes
  1068 | D:2      | Reached skill level 1 in Maces & Flails
  1068 | D:2      | Reached skill level 1 in Polearms
  1068 | D:2      | Reached skill level 1 in Staves
  1068 | D:2      | Reached skill level 1 in Slings
  1068 | D:2      | Reached skill level 1 in Crossbows
  1068 | D:2      | Reached skill level 1 in Throwing
  1068 | D:2      | Reached skill level 1 in Armour
  1068 | D:2      | Reached skill level 1 in Shields
  1068 | D:2      | Reached skill level 1 in Unarmed Combat
  1068 | D:2      | Reached skill level 1 in Spellcasting
  1068 | D:2      | Reached skill level 1 in Evocations
  1307 | D:2      | Reached XP level 4. HP: 38/38 MP: 5/5
  1432 | D:3      | Reached skill level 1 in Conjurations
  1432 | D:3      | Reached skill level 1 in Hexes
  1432 | D:3      | Reached skill level 1 in Summonings
  1432 | D:3      | Reached skill level 1 in Necromancy
  1432 | D:3      | Reached skill level 1 in Translocations
  1432 | D:3      | Reached skill level 1 in Transmutations
  1432 | D:3      | Reached skill level 1 in Fire Magic
  1432 | D:3      | Reached skill level 1 in Ice Magic
  1432 | D:3      | Reached skill level 1 in Air Magic
  1432 | D:3      | Reached skill level 1 in Earth Magic
  1432 | D:3      | Reached skill level 1 in Poison Magic
  2056 | D:3      | Found a hazy altar of Hepliaklqana.
  2062 | D:3      | Became a worshipper of Hepliaklqana the Forgotten
  2164 | D:3      | Found a glowing silver altar of Zin.
  2176 | D:3      | Reached XP level 5. HP: 22/43 MP: 6/6
  2429 | D:3      | Found a snail-covered altar of Cheibriados.
  2731 | D:4      | You fall into a shaft and drop 3 floors!
  2802 | D:5      | Entered Level 5 of the Dungeon
  2802 | D:5      | Noticed an ogre
  2814 | D:6      | Demolished by an ogre

Illustrated notes

Levels and vault maps discovered:
D:1:      scummos_arrival_gate, layout_basic, minmay_pentomino_s2
D:2:      layout_basic, shapermc_ecumenical_altar_notcrosses
D:3:      layout_rooms, worldfamousw_hep_ancestral_shrine,
          nicolae_overflow_squiral
D:4:      layout_basic, led_sif_book, gammafunk_ghost_stat_death,
          hangedman_decor_peaks_small, minmay_bent, uniq_ijyb
D:5:      layout_basic, minmay_temple_entry_overgrown
D:6:      layout_layer_cave, serial_shops, shop_statue, uniq_blork_the_orc,
          uniq_edmund
D:7:      layout_loops_cross, dk_noncrumbling_4, uniq_harold,
          uniq_crazy_yiuf_cottage, uniq_joseph

Skill      XL: |  1  2  3  4 |
---------------+-------------+-----
Invocations    | 1 |  1.7
Short Blades   | 1 |  1.5
Long Blades    | 1 |  1.5
Axes           | 1 |  1.5
Maces & Flails | 1 |  1.5
Polearms       | 1 |  1.5
Staves         | 1 |  1.5
Slings         | 1 |  1.5
Crossbows      | 1 |  1.5
Throwing       | 1 |  1.5
Armour         | 1 |  1.5
Shields        | 1 |  1.5
Unarmed Combat | 1 |  1.5
Spellcasting   | 1 |  1.5
Evocations     | 1 |  1.5
Conjurations   | 1 |  1.2
Hexes          | 1 |  1.2
Summonings     | 1 |  1.2
Necromancy     | 1 |  1.2
Translocations | 1 |  1.2
Transmutations | 1 |  1.2
Fire Magic     | 1 |  1.2
Ice Magic      | 1 |  1.2
Air Magic      | 1 |  1.2
Earth Magic    | 1 |  1.2
Poison Magic   | 1 |  1.2
Fighting       | |  4.8
Bows           | |  8.6
Dodging        | |  4.8
Stealth        | |  2.8

Action                   |  1- 3 |  4- 6 || total
-------------------------+-------+-------++-------
Melee: Short sword       |       |    42 ||    42
       Dagger            |       |    77 ||    77
       Bite              |       |    19 ||    19
       Punch             |       |     7 ||     7
 Fire: Shortbow          |    74 |    23 ||    97
 Stab: Sleeping          |       |     1 ||     1
Armor: Leather armour    |     5 |    25 ||    30
Dodge: Dodged            |     4 |    78 ||    82
